 Dungeon Crawl Stone Soup version 0.27-a0-765-ge4d627daa3 (webtiles) character file.

Game seed: 16023379889495548586

47 rageheart7 the Cutter (level 3, 0/28 HPs)
             Began as a Vampire Gladiator on Mar 25, 2021.
             Slain by Jessica
             ... wielding a +0 dagger
              (3 damage)
             ... on level 2 of the Dungeon.
             The game lasted 00:01:19 (1420 turns).

rageheart7 the Cutter (Vampire Gladiator)           Turns: 1420, Time: 00:01:19

Health: 0/28       AC:  4    Str: 14    XL:     3   Next: 48%
Magic:  3/3        EV: 12    Int: 10    God:
Gold:   31         SH:  0    Dex: 15    Spells: 2/2 levels left

rFire    . . .     SeeInvis +   a - +0 rapier
rCold    . . .     Faith    .   (no shield)
rNeg     . . .     Spirit   .   b - +0 leather armour
rPois    .         Reflect  .   c - +0 helmet
rElec    .         Harm     .   (no cloak)
rCorr    .         Rampage  .   (no gloves)
Will     .....                  (no boots)
Stlth    ++........             (no amulet)
HPRegen  0.29/turn              (no ring)
MPRegen  0.08/turn              (no ring)

@: regenerating quickly
A: alive, fangs 3, see invisible, unbreathing 1, vampiric 2
a: Exsanguinate


You were on level 2 of the Dungeon.
You visited 1 branch of the dungeon, and saw 2 of its levels.

You collected 31 gold pieces.

Inventory:

Hand Weapons
 a - a +0 rapier (weapon)
Missiles
 d - 3 throwing nets (quivered)
Armour
 b - a +0 leather armour (worn)
 c - a +0 helmet (worn)
Scrolls
 g - a scroll of identify {unknown}
Potions
 e - a potion of heal wounds {unknown}
 f - a potion of haste {unknown}


   Skills:
 * Level 2.3 Fighting
 * Level 4.4 Short Blades
 - Level 1.5 Throwing
 - Level 3.2 Dodging
 * Level 1.4 Stealth


You had 2 spell levels left.
You didn't know any spells.
Your spell library was empty.

Dungeon Overview and Level Annotations

Branches:
Dungeon (2/15)

Altars:

Annotations:
D:2 Jessica


Innate Abilities, Weirdness & Mutations

Your natural rate of healing is unusually fast.
You have razor-sharp teeth.
You have supernaturally acute eyesight. (SInv)
You can survive without breathing.
You are afflicted with vampirism and can become a bat while bloodless.


Message History

You barely miss the ball python. The ball python bites you.
The ball python closely misses you.
You barely miss the ball python. Your bite misses the ball python.
The ball python bites you. The ball python grabs you.
The ball python constricts you.
You barely miss the ball python. Your bite misses the ball python.
The ball python bites you. The ball python constricts you.
You closely miss the ball python. You bite the ball python.
You kill the ball python!
The hobgoblin barely misses you.
You see here a ball python corpse.
You closely miss the hobgoblin. The hobgoblin hits you.
You closely miss the hobgoblin.
Jessica shouts!
You bite the hobgoblin.
The hobgoblin is heavily wounded.
The hobgoblin hits you. Jessica hits you with a +0 dagger.
You are too injured to fight recklessly!
You are too injured to fight recklessly!
You barely miss the hobgoblin.
The hobgoblin is moderately wounded.
The hobgoblin barely misses you. Jessica misses you.
You hit the hobgoblin.
You kill the hobgoblin!
You hit Jessica but do no damage. Jessica hits you with a +0 dagger.
You hit Jessica but do no damage.
Jessica gestures wildly while chanting.
Jessica blinks!
Jessica shouts, "Stop bothering me, or I'll kill you!"
Jessica points at you and mumbles some strange words.
Pain shoots through your body!
Jessica casts a spell.
Jessica blinks!
Jessica hits you but does no damage.
You completely miss Jessica. Jessica gestures at you while chanting.
Pain shoots through your body!
* * * LOW HITPOINT WARNING * * *
You hit Jessica but do no damage. Jessica hits you with a +0 dagger.
You die...

##.#.....#####.#
#####...............
#.....#.>....#####.#
###...###..### #.# #
###..###..... ..# #.
#........########
#.##.##.#####
#.......#
#.@@....####...
#.##...†....... #.
#..#.###.... #..#.#
.. #..#.. ......#
##..##.# .... .. ...
..


You could see Jessica.

Vanquished Creatures
  5 ball pythons
  An endoplasm (D:1)
  2 giant cockroaches (D:1)
  4 goblins (D:1)
  4 hobgoblins
  8 jackals (D:1)
  2 kobolds (D:1)
  2 quokkas
  7 bats
  A frilled lizard (D:1)
  4 rats (D:1)
40 creatures vanquished.

Notes
Turn   | Place    | Note
-------+----------+-------------------------------------------
     0 | D:1      | rageheart7 the Vampire Gladiator began the quest for the
                  | Orb.
     0 | D:1      | Reached XP level 1. HP: 16/16 MP: 1/1
   339 | D:1      | Reached XP level 2. HP: 20/22 MP: 2/2
   364 | D:1      | Reached skill level 1 in Stealth
   667 | D:1      | Reached skill level 4 in Short Blades
   705 | D:1      | Gained mutation: You are afflicted with vampirism and can
                  | become a bat while bloodless. [Vampire growth]
   705 | D:1      | Reached XP level 3. HP: 21/27 MP: 3/3
  1402 | D:2      | Noticed Jessica
  1420 | D:2      | Slain by Jessica

Illustrated notes

Levels and vault maps discovered:
D:1:      sevenhm_arrival_forest_fort_large_2, layout_basic
D:2:      minmay_evil_eye, layout_loops_cross, minmay_pentomino_pile,
          uniq_jessica

Skill      XL: |  1  2 |
---------------+-------+-----
Stealth        | 1 |  1.4
Fighting       | 2 |  2.3
Short Blades   | 4 |  4.4
Throwing       | |  1.5
Dodging        | |  3.2

Action                   || total
-------------------------++-------
Melee: Rapier            ||   112
       Bite              ||    15
Armor: Leather armour    ||    37
Dodge: Dodged            ||    78

Table legend: (Time is in decaauts)
 A = Elapsed time spent in this place.
 B = Non-inter-level travel time spent in this place.
 C = Inter-level travel time spent in this place.
 D = Time resting spent in this place.
 E = Time spent auto-exploring this place.
 F = Levels seen in this place.
 G = Mean time per level.
                   A        B        C        D        E       F      G
               +--------+--------+--------+--------+--------+-----+--------+
         Total |   1420 |   1359 |     61 |    137 |   1012 |   2 |  710.0 |
       Dungeon |   1420 |   1359 |     61 |    137 |   1012 |   2 |  710.0 |
               +--------+--------+--------+--------+--------+-----+--------+

Top non-repeatable levels by time:
     D:1: 1373 daAuts
     D:2: 46 daAuts
